Coyotes vs Jets
Created - 2 mars 2015 at 19:20
Goals
|
Coyotes |
2 |
1 |
2 |
5 |
Jets |
0 |
1 |
3 |
4 |
|
Shots
|
Coyotes |
9 |
9 |
10 |
28 |
Jets |
15 |
6 |
14 |
35 |
|
1st period
1. Coyotes , Marian Gaborik 37 (Tim Connolly, Denis Grebeshkov) at 7:42
2. Coyotes , Drew Miller 21 (Chris Stewart, Frans Nielsen) at 9:36
Penalties :
Sergei Gonchar (Ari) for Hooking (Minor) at 12:32
2nd period
3. Jets , Fredrik Sjostrom 16 (Darroll Powe, Eric Fehr) at 4:53
4. Coyotes , Sergei Gonchar 6 (Denis Grebeshkov, Ryan Miller) at 19:43 (PP)
Penalties :
Andy Sutton (Ari) for Hooking (Minor) at 7:22, Marek Zidlicky (Win) for Hooking (Minor) at 13:22, Frans Nielsen (Ari) for Hooking (Minor) at 14:24, Jussi Jokinen (Win) for Hooking (Minor) at 19:00, Tyler Ennis (Ari) for Tripping (Minor) at 19:55
3rd period
5. Jets , Benoit Pouliot 39 (Dustin Brown) at 3:52 (PP)
6. Coyotes , Tim Connolly 29 (Marian Gaborik) at 4:39 (PP)
7. Jets , Mikko Koivu 19 (Benoit Pouliot) at 9:28
8. Jets , Benoit Pouliot 40 (Dmitri Kalinin, Mikko Koivu) at 9:34
9. Coyotes , Erik Cole 16 (Chad Larose, Sergei Gonchar) at 11:06
Penalties :
Saku Koivu (Ari) for Roughing (Minor) at 3:43, Dmitri Kalinin (Win) for Holding (Minor) at 4:30, Saku Koivu (Ari) for Interference (Minor) at 15:11, Sami Kapanen (Ari) for Tripping (Minor) at 17:35
Goalie Stats
Ryan Miller (Ari), 31 saves from 35 shots - (0,886), W, 34-13-6, 60:00 minutes
Ilya Bryzgalov (Win), 8 saves from 9 shots - (0,889), L, 10-11-2, 14:58 minutes
Maxime Daigneault (Win), 15 saves from 19 shots - (0,789), 44:39 minutes
Players Stats for Coyotes
Player Name G A P +/- PIM S H SB GA TA FO MP PP MP PK MP
------------------------------------------------------------------------------------
Adrian Aucoin 0 0 0 2 0 1 3 0 0 1 0/0 18:48 1:06 1:04
Andy Sutton 0 0 0 -2 2 0 0 2 1 1 0/0 18:12 0:00 4:51
Anton Stralman 0 0 0 0 0 1 2 1 0 2 0/0 21:48 0:04 4:59
Chad Larose 0 1 1 1 0 0 2 0 0 0 4/4 16:05 0:00 5:26
Chris Stewart 0 1 1 -1 0 0 2 0 0 0 0/0 13:23 1:21 0:00
Denis Grebeshkov 0 2 2 2 0 0 2 0 1 2 0/0 24:35 0:48 5:11
Drew Miller 1 0 1 -1 0 3 1 0 0 1 3/9 18:07 0:00 5:31
Erik Christensen 0 0 0 0 0 0 0 0 1 0 3/5 8:59 0:00 1:34
Erik Cole 1 0 1 1 0 5 2 0 2 0 0/2 15:28 0:00 4:40
Frans Nielsen 0 1 1 -1 2 1 1 0 0 1 5/15 17:36 1:20 4:01
Kurt Sauer 0 0 0 0 0 1 0 1 0 2 0/0 21:29 0:00 5:55
Marian Gaborik 1 1 2 0 0 7 1 1 2 0 0/1 16:46 0:33 0:00
Saku Koivu 0 0 0 1 4 2 0 0 0 0 9/14 11:56 1:21 0:00
Sami Kapanen 0 0 0 0 2 0 0 0 0 0 0/0 7:22 0:00 0:00
Sergei Gonchar 1 1 2 -2 2 2 2 0 1 0 0/0 15:15 1:50 0:12
Shawn Thornton 0 0 0 0 0 0 0 0 0 0 0/0 8:23 0:00 1:00
Tim Connolly 1 1 2 0 0 3 1 0 1 0 10/26 16:46 0:33 0:00
Tyler Ennis 0 0 0 0 2 2 1 0 1 0 0/0 16:52 0:33 0:00
Players Stats for Jets
Player Name G A P +/- PIM S H SB GA TA FO MP PP MP PK MP
------------------------------------------------------------------------------------
Adam Pardy 0 0 0 1 0 2 2 1 0 2 0/0 24:37 5:24 1:14
Benoit Pouliot 2 1 3 1 0 5 2 0 0 0 3/3 22:27 5:58 0:00
Blair Betts 0 0 0 0 0 1 0 0 0 0 1/1 5:47 0:15 0:00
Darroll Powe 0 1 1 -1 0 7 1 1 0 0 7/18 14:37 0:00 1:31
Dmitri Kalinin 0 1 1 0 2 2 2 0 1 1 0/0 32:18 6:40 1:32
Dustin Brown 0 1 1 1 0 0 6 0 0 0 0/0 23:44 6:12 1:31
Eric Fehr 0 1 1 0 0 1 5 1 0 0 0/0 16:07 4:52 0:00
Fredrik Sjostrom 1 0 1 -1 0 6 2 0 2 0 0/1 13:47 0:15 0:00
Greg Campbell 0 0 0 0 0 2 3 0 1 1 10/15 16:30 4:52 0:23
Jussi Jokinen 0 0 0 0 2 2 1 0 0 0 1/1 16:21 4:53 0:00
Kristian Huselius 0 0 0 0 0 0 1 0 0 0 0/0 5:54 0:00 0:00
Marek Zidlicky 0 0 0 -1 2 0 1 2 1 1 0/0 26:57 6:48 0:36
Mikko Koivu 1 1 2 1 0 4 1 0 3 3 20/37 22:50 5:58 0:23
Niklas Hjalmarsson 0 0 0 0 0 0 1 1 0 0 0/0 4:04 0:00 0:00
Ryan Callahan 0 0 0 -1 0 2 0 0 0 1 0/0 13:33 0:02 0:00
Tom Preissing 0 0 0 0 0 1 1 0 2 1 0/0 18:19 2:59 0:13
Vaclav Varada 0 0 0 0 0 0 0 1 0 0 0/0 5:30 0:00 0:00
Zbynek Michalek 0 0 0 0 0 0 0 3 0 0 0/0 13:44 0:22 0:13
3 Stars
1 - Benoit Pouliot (Win)
2 - Mikko Koivu (Win)
3 - Denis Grebeshkov (Ari)
Power Play
Coyotes - 2 on 3 Attempt(s) - 66,67%
Jets - 1 on 7 Attempt(s) - 14,29%
Penalty Kill
Coyotes - 6 on 7 Attempt(s) - 85,71%
- Score 0 goal in Penalty Kill
Jets - 1 on 3 Attempt(s) - 33,33%
- Score 0 goal in Penalty Kill
Team Stat
Coyotes - Hits : 20 - Faceoff Wins : 34 - Blocked Shots : 5 - Penalty Minutes : 14
Jets - Hits : 29 - Faceoff Wins : 42 - Blocked Shots : 10 - Penalty Minutes : 6
Official
Referees : Hebert Ghislain and Fraser Kerry
Linesman : Mark Shewchyk and Bryan Pancich
Game Notes
Niklas Hjalmarsson is injured at 11:55 of 1st period (Torn Right Knee Ligaments)
Ilya Bryzgalov enters game at 4:39 of 3rd period
Finance
Level 1 -- Attendance: 5669 (94,48%) -- Ticket Income 425 175 $
Level 2 -- Attendance: 5000 (100,00%) -- Ticket Income 250 000 $
Level 3 -- Attendance: 1990 (99,50%) -- Ticket Income 49 750 $
Level 4 -- Attendance: 3883 (97,08%) -- Ticket Income 69 894 $
Luxury Box -- Attendance: 900 (90,00%) -- Ticket Income 144 000 $
Game was played at the MTS Center'
Total Attendance: 17442 (96,90%)
Total Ticket Income: 938 819 $
Other Income: 140 823 $
Total Income: 1 079 642 $
Coyotes
5 vs 5 Forward
Center Left Wing Right Wing Time % Phy DF OF
1 Tim Connolly Tyler Ennis Marian Gaborik 35 1 1 3
2 Frans Nielsen Drew Miller Chris Stewart 28 1 2 2
3 Saku Koivu Erik Cole Chad Larose 25 2 2 1
4 Erik Christensen Shawn Thornton Sami Kapanen 12 2 2 1
5 vs 5 Defense
Defense Defense Time % Phy DF OF
1 Denis Grebeshkov Adrian Aucoin 37 1 3 1
2 Kurt Sauer Anton Stralman 34 1 3 1
3 Sergei Gonchar Andy Sutton 28 2 2 1
4 Kurt Sauer Denis Grebeshkov 1 1 4 0
PowerPlay Forward
Center Left Wing Right Wing Time % Phy DF OF
1 Tim Connolly Tyler Ennis Marian Gaborik 57 0 0 5
2 Saku Koivu Frans Nielsen Chris Stewart 43 0 0 5
PowerPlay Defense
Defense Defense Time % Phy DF OF
1 Denis Grebeshkov Sergei Gonchar 57 0 0 5
2 Anton Stralman Adrian Aucoin 43 0 0 5
Penalty Kill 4 Players Forward
Center Wing Time % Phy DF OF
1 Drew Miller Chad Larose 54 0 5 0
2 Frans Nielsen Erik Cole 46 0 5 0
Penalty Kill 4 Players Defense
Defense Defense Time % Phy DF OF
1 Kurt Sauer Andy Sutton 54 1 4 0
2 Anton Stralman Denis Grebeshkov 46 1 4 0
Penalty Kill - 3 Players Forward
Forward Time % Phy DF OF
1 Drew Miller 52 0 5 0
2 Chad Larose 48 0 5 0
Penalty Kill - 3 Players Defense
Defense Defense Time % Phy DF OF
1 Andy Sutton Kurt Sauer 52 0 5 0
2 Anton Stralman Denis Grebeshkov 48 0 5 0
4 vs 4 Forward
Center Wing Time % Phy DF OF
1 Tim Connolly Marian Gaborik 52 1 1 3
2 Frans Nielsen Drew Miller 48 1 2 2
4 vs 4 Defense
Defense Defense Time % Phy DF OF
1 Kurt Sauer Anton Stralman 52 1 3 1
2 Denis Grebeshkov Sergei Gonchar 48 1 2 2
Last Minutes Offensive
Center Left Wing Right Wing Defense Defense
Tim Connolly Tyler Ennis Marian Gaborik Denis Grebeshkov Anton Stralman
Last Minutes Defensive
Center Left Wing Right Wing Defense Defense
Drew Miller Erik Cole Chad Larose Kurt Sauer Anton Stralman
Goaltenders
Starting : Ryan Miller
Backup : Marc Denis
Extra Forwards
Normal : Marian Gaborik, Tyler Ennis, Chris Stewart - PP : Marian Gaborik, Chris Stewart - PK : Drew Miller
Extra Defensemen
Normal : Denis Grebeshkov, Kurt Sauer, Anton Stralman - PP : Denis Grebeshkov - PK : Andy Sutton, Kurt Sauer
Penalty Shots
Marian Gaborik, Tyler Ennis, Chad Larose, Drew Miller, Tim Connolly
Jets
5 vs 5 Forward
Center Left Wing Right Wing Time % Phy DF OF
1 Mikko Koivu Benoit Pouliot Dustin Brown 39 1 2 2
2 Greg Campbell Jussi Jokinen Eric Fehr 28 1 2 2
3 Darroll Powe Fredrik Sjostrom Ryan Callahan 23 1 2 2
4 Blair Betts Kristian Huselius Vaclav Varada 10 1 2 2
5 vs 5 Defense
Defense Defense Time % Phy DF OF
1 Marek Zidlicky Dmitri Kalinin 40 1 2 2
2 Adam Pardy Niklas Hjalmarsson 30 1 2 2
3 Tom Preissing Zbynek Michalek 20 1 2 2
4 Dmitri Kalinin Adam Pardy 10 1 2 2
PowerPlay Forward
Center Left Wing Right Wing Time % Phy DF OF
1 Mikko Koivu Benoit Pouliot Dustin Brown 60 1 1 3
2 Greg Campbell Jussi Jokinen Eric Fehr 40 1 1 3
PowerPlay Defense
Defense Defense Time % Phy DF OF
1 Marek Zidlicky Dmitri Kalinin 60 1 1 3
2 Adam Pardy Niklas Hjalmarsson 40 1 1 3
Penalty Kill 4 Players Forward
Center Wing Time % Phy DF OF
1 Darroll Powe Dustin Brown 60 1 3 1
2 Greg Campbell Mikko Koivu 40 1 3 1
Penalty Kill 4 Players Defense
Defense Defense Time % Phy DF OF
1 Dmitri Kalinin Adam Pardy 60 1 4 0
2 Marek Zidlicky Niklas Hjalmarsson 40 1 4 0
Penalty Kill - 3 Players Forward
Forward Time % Phy DF OF
1 Darroll Powe 60 0 4 1
2 Greg Campbell 40 0 4 1
Penalty Kill - 3 Players Defense
Defense Defense Time % Phy DF OF
1 Dmitri Kalinin Adam Pardy 60 1 4 0
2 Niklas Hjalmarsson Marek Zidlicky 40 1 4 0
4 vs 4 Forward
Center Wing Time % Phy DF OF
1 Mikko Koivu Benoit Pouliot 60 1 2 2
2 Dustin Brown Jussi Jokinen 40 1 2 2
4 vs 4 Defense
Defense Defense Time % Phy DF OF
1 Dmitri Kalinin Adam Pardy 60 1 2 2
2 Marek Zidlicky Niklas Hjalmarsson 40 1 2 2
Last Minutes Offensive
Center Left Wing Right Wing Defense Defense
Mikko Koivu Jussi Jokinen Dustin Brown Dmitri Kalinin Marek Zidlicky
Last Minutes Defensive
Center Left Wing Right Wing Defense Defense
Greg Campbell Benoit Pouliot Vaclav Varada Dmitri Kalinin Adam Pardy
Goaltenders
Starting : Maxime Daigneault
Backup : Ilya Bryzgalov
Extra Forwards
Normal : Greg Campbell, Mikko Koivu, Fredrik Sjostrom - PP : Greg Campbell, Dustin Brown - PK : Fredrik Sjostrom
Extra Defensemen
Normal : Adam Pardy, Dmitri Kalinin, Marek Zidlicky - PP : Dmitri Kalinin - PK : Marek Zidlicky, Dmitri Kalinin
Penalty Shots
Benoit Pouliot, Jussi Jokinen, Mikko Koivu, Greg Campbell, Dustin Brown
% Time on Ice - Coyotes
Lines # - Real PCT - Wanted PCT - Time Play
Normal Forward
1 - 35% - 35% - 16:15
2 - 27% - 28% - 12:15
3 - 23% - 25% - 10:35
4 - 15% - 12% - 6:58
Normal Defense
1 - 37% - 37% - 17:01
2 - 35% - 34% - 16:12
3 - 28% - 28% - 12:50
4 - 0% - 1% - 0:00
PP Forward
1 - 29% - 57% - 0:33
2 - 71% - 43% - 1:21
PP Defense
1 - 96% - 57% - 1:50
2 - 4% - 43% - 0:04
PK Forward
1 - 58% - 54% - 6:26
2 - 42% - 46% - 4:40
PK Defense
1 - 53% - 54% - 5:55
2 - 47% - 46% - 5:11
PK3 Forward
1 - 0% - 52%
2 - 0% - 48%
PK3 Defense
1 - 0% - 52%
2 - 0% - 48%
44 Forward
1 - 47% - 52% - 0:27
2 - 53% - 48% - 0:30
44 Defense
1 - 58% - 52% - 0:33
2 - 42% - 48% - 0:24
Last Minute Offensive - 0:00
Last Minute Defensive - 0:00
Total
Forward - 60:00
Defense - 60:00
|
% Time on Ice - Jets
Lines # - Real PCT - Wanted PCT - Time Play
Normal Forward
1 - 35% - 39% - 15:48
2 - 25% - 28% - 11:15
3 - 29% - 23% - 13:06
4 - 12% - 10% - 5:30
Normal Defense
1 - 35% - 40% - 15:46
2 - 35% - 30% - 16:06
3 - 26% - 20% - 11:54
4 - 4% - 10% - 1:53
PP Forward
1 - 56% - 60% - 6:13
2 - 44% - 40% - 4:53
PP Defense
1 - 39% - 60% - 4:22
2 - 61% - 40% - 6:44
PK Forward
1 - 80% - 60% - 1:31
2 - 20% - 40% - 0:23
PK Defense
1 - 51% - 60% - 0:58
2 - 49% - 40% - 0:56
PK3 Forward
1 - 0% - 60%
2 - 0% - 40%
PK3 Defense
1 - 0% - 60%
2 - 0% - 40%
44 Forward
1 - 75% - 60% - 0:43
2 - 25% - 40% - 0:14
44 Defense
1 - 51% - 60% - 0:29
2 - 49% - 40% - 0:28
Last Minute Offensive - 0:24
Last Minute Defensive - 0:00
Total
Forward - 60:00
Defense - 60:00
|
Play by Play
1st period
0:01 of 1st period - Tim Connolly wins face-off versus Mikko Koivu in neutral zone.
0:04 of 1st period - Snap shot by Marian Gaborik.
0:04 of 1st period - Deflect By Marek Zidlicky.
0:04 of 1st period - Shot Misses the Net.
0:04 of 1st period - Puck is out of play.
0:05 of 1st period - Tim Connolly wins face-off versus Mikko Koivu in Jets zone.
0:16 of 1st period - Slapshot by Marian Gaborik.
0:16 of 1st period - Shot Misses the Net.
0:55 of 1st period - Off-side.
0:56 of 1st period - Darroll Powe wins face-off versus Erik Cole in neutral zone.
1:07 of 1st period - Snap shot by Erik Cole.
1:07 of 1st period - Shot Misses the Net.
1:09 of 1st period - Snap shot by Erik Cole.
1:09 of 1st period - Stopped by Maxime Daigneault without a rebound.
1:10 of 1st period - Blair Betts wins face-off versus Erik Christensen in Jets zone.
1:21 of 1st period - Slapshot by Zbynek Michalek.
1:21 of 1st period - Shot Misses the Net.
1:42 of 1st period - Snap shot by Benoit Pouliot.
1:42 of 1st period - Shot Blocked by Andy Sutton.
1:44 of 1st period - Wrist shot by Dmitri Kalinin.
1:44 of 1st period - Stopped by Ryan Miller without a rebound.
1:45 of 1st period - Greg Campbell wins face-off versus Tim Connolly in Coyotes zone.
1:52 of 1st period - Wrist shot by Jussi Jokinen.
1:52 of 1st period - Shot Blocked by Kurt Sauer.
1:54 of 1st period - Slapshot by Dmitri Kalinin.
1:54 of 1st period - Shot Misses the Net.
1:56 of 1st period - Snap shot by Eric Fehr.
1:56 of 1st period - Shot Misses the Net.
2:10 of 1st period - Dmitri Kalinin is hit by Chad Larose and loses puck.
3:00 of 1st period - Dustin Brown is hit by Chris Stewart and loses puck.
3:29 of 1st period - Snap shot by Benoit Pouliot.
3:29 of 1st period - Stopped by Ryan Miller without a rebound.
3:30 of 1st period - Saku Koivu wins face-off versus Fredrik Sjostrom in Coyotes zone.
3:30 of 1st period - Saku Koivu is hit by Darroll Powe.
4:47 of 1st period - Kurt Sauer is hit by Greg Campbell and loses puck.
5:23 of 1st period - Greg Campbell is hit by Anton Stralman and loses puck.
5:36 of 1st period - Niklas Hjalmarsson is hit by Frans Nielsen and loses puck.
5:56 of 1st period - Icing by Darroll Powe.
5:57 of 1st period - Darroll Powe wins face-off versus Erik Christensen in Jets zone.
6:34 of 1st period - Wrist shot by Jussi Jokinen.
6:34 of 1st period - Shot Misses the Net.
7:06 of 1st period - Slapshot by Blair Betts.
7:06 of 1st period - Stopped by Ryan Miller with a rebound.
7:12 of 1st period - Snap shot by Blair Betts.
7:12 of 1st period - Shot Misses the Net.
7:22 of 1st period - Wrist shot by Drew Miller.
7:22 of 1st period - Shot Misses the Net.
7:24 of 1st period - Slapshot by Kurt Sauer.
7:24 of 1st period - Stopped by Maxime Daigneault without a rebound.
7:25 of 1st period - Mikko Koivu wins face-off versus Tim Connolly in Jets zone.
7:25 of 1st period - Mikko Koivu is hit by Tyler Ennis.
7:30 of 1st period - Off-side.
7:31 of 1st period - Mikko Koivu wins face-off versus Tim Connolly in neutral zone.
7:42 of 1st period - Snap shot by Marian Gaborik.
7:42 of 1st period - Goal by Marian Gaborik - Coyotes : 1 - Jets : 0.
7:43 of 1st period - Greg Campbell wins face-off versus Saku Koivu in neutral zone.
8:20 of 1st period - Wrist shot by Marian Gaborik.
8:20 of 1st period - Stopped by Maxime Daigneault with a rebound.
8:35 of 1st period - Wrist shot by Drew Miller.
8:35 of 1st period - Stopped by Maxime Daigneault without a rebound.
8:36 of 1st period - Saku Koivu wins face-off versus Greg Campbell in Jets zone.
9:11 of 1st period - Adam Pardy is hit by Marian Gaborik and loses puck.
9:28 of 1st period - Wrist shot by Dmitri Kalinin.
9:28 of 1st period - Stopped by Ryan Miller without a rebound.
9:29 of 1st period - Frans Nielsen wins face-off versus Darroll Powe in Coyotes zone.
9:36 of 1st period - Slapshot by Drew Miller.
9:36 of 1st period - Goal by Drew Miller - Coyotes : 2 - Jets : 0.
9:37 of 1st period - Greg Campbell wins face-off versus Saku Koivu in neutral zone.
9:44 of 1st period - Snap shot by Jussi Jokinen.
9:44 of 1st period - Stopped by Ryan Miller with a rebound.
10:02 of 1st period - Marek Zidlicky is hit by Adrian Aucoin and loses puck.
10:07 of 1st period - Snap shot by Marian Gaborik.
10:07 of 1st period - Stopped by Maxime Daigneault without a rebound.
10:08 of 1st period - Darroll Powe wins face-off versus Tim Connolly in Jets zone.
10:13 of 1st period - Tim Connolly is hit by Niklas Hjalmarsson and loses puck.
10:30 of 1st period - Snap shot by Tyler Ennis.
10:30 of 1st period - Stopped by Maxime Daigneault without a rebound.
10:31 of 1st period - Mikko Koivu wins face-off versus Frans Nielsen in Jets zone.
10:31 of 1st period - Mikko Koivu is hit by Adrian Aucoin.
10:39 of 1st period - Snap shot by Frans Nielsen.
10:39 of 1st period - Shot Misses the Net.
11:53 of 1st period - Wrist shot by Erik Cole.
11:53 of 1st period - Stopped by Maxime Daigneault with a rebound.
11:55 of 1st period - Slapshot by Denis Grebeshkov.
11:55 of 1st period - Shot Blocked by Niklas Hjalmarsson.
11:55 of 1st period - Niklas Hjalmarsson from Jets is injured at 11:55 of 1st period (Torn Right Knee Ligaments).
11:56 of 1st period - Mikko Koivu wins face-off versus Tim Connolly in Jets zone.
12:09 of 1st period - Snap shot by Benoit Pouliot.
12:09 of 1st period - Deflect By Mikko Koivu.
12:09 of 1st period - Shot Misses the Net.
12:09 of 1st period - Puck is out of play.
12:10 of 1st period - Frans Nielsen wins face-off versus Greg Campbell in Coyotes zone.
12:32 of 1st period - Minor Penalty to Sergei Gonchar for Hooking.
12:33 of 1st period - Mikko Koivu wins face-off versus Drew Miller in Coyotes zone.
14:32 of 1st period - Penalty to Sergei Gonchar is over, Sergei Gonchar is back on ice.
14:39 of 1st period - Snap shot by Fredrik Sjostrom.
14:39 of 1st period - Stopped by Ryan Miller with a rebound.
14:41 of 1st period - Slapshot by Ryan Callahan.
14:41 of 1st period - Shot Misses the Net.
14:43 of 1st period - Snap shot by Darroll Powe.
14:43 of 1st period - Shot Misses the Net.
14:45 of 1st period - Wrist shot by Darroll Powe.
14:45 of 1st period - Stopped by Ryan Miller without a rebound.
14:46 of 1st period - Tim Connolly wins face-off versus Darroll Powe in Coyotes zone.
15:03 of 1st period - Adrian Aucoin is hit by Fredrik Sjostrom.
16:04 of 1st period - Saku Koivu is hit by Dmitri Kalinin and loses puck.
16:17 of 1st period - Marian Gaborik is hit by Dmitri Kalinin and loses puck.
17:01 of 1st period - Wrist shot by Fredrik Sjostrom.
17:01 of 1st period - Shot Misses the Net.
17:03 of 1st period - Slapshot by Adam Pardy.
17:03 of 1st period - Shot Misses the Net.
17:11 of 1st period - Snap shot by Darroll Powe.
17:11 of 1st period - Shot Misses the Net.
17:13 of 1st period - Slapshot by Adam Pardy.
17:13 of 1st period - Stopped by Ryan Miller with a rebound.
17:15 of 1st period - Snap shot by Adam Pardy.
17:15 of 1st period - Stopped by Ryan Miller with a rebound.
17:19 of 1st period - Backhand shot by Fredrik Sjostrom.
17:19 of 1st period - Shot Misses the Net.
17:21 of 1st period - Wrist shot by Fredrik Sjostrom.
17:21 of 1st period - Stopped by Ryan Miller without a rebound.
17:22 of 1st period - Mikko Koivu wins face-off versus Tim Connolly in Coyotes zone.
17:29 of 1st period - Slapshot by Dustin Brown.
17:29 of 1st period - Shot Misses the Net.
17:31 of 1st period - Slapshot by Tom Preissing.
17:31 of 1st period - Stopped by Ryan Miller without a rebound.
17:32 of 1st period - Tim Connolly wins face-off versus Mikko Koivu in Coyotes zone.
17:51 of 1st period - Snap shot by Mikko Koivu.
17:51 of 1st period - Stopped by Ryan Miller with a rebound.
17:53 of 1st period - Snap shot by Zbynek Michalek.
17:53 of 1st period - Deflect By Mikko Koivu.
17:53 of 1st period - Stopped by Ryan Miller with a rebound.
17:55 of 1st period - Wrist shot by Mikko Koivu.
17:55 of 1st period - Shot Blocked by Anton Stralman.
18:09 of 1st period - Wrist shot by Benoit Pouliot.
18:09 of 1st period - Stopped by Ryan Miller without a rebound.
18:10 of 1st period - Greg Campbell wins face-off versus Saku Koivu in Coyotes zone.
19:04 of 1st period - Icing by Kurt Sauer.
19:05 of 1st period - Erik Christensen wins face-off versus Mikko Koivu in Coyotes zone.
19:30 of 1st period - Sami Kapanen is hit by Tom Preissing and loses puck.
19:39 of 1st period - Snap shot by Darroll Powe.
19:39 of 1st period - Stopped by Ryan Miller with a rebound.
Goals for this period are 2 for Coyotes vs 0 for Jets.
Shots for this period are 9 for Coyotes vs 15 for Jets.
2nd period
0:01 of 2nd period - Mikko Koivu wins face-off versus Tim Connolly in neutral zone.
0:28 of 2nd period - Snap shot by Erik Cole.
0:28 of 2nd period - Stopped by Maxime Daigneault with a rebound.
0:30 of 2nd period - Wrist shot by Erik Cole.
0:30 of 2nd period - Shot Blocked by Eric Fehr.
0:32 of 2nd period - Slapshot by Anton Stralman.
0:32 of 2nd period - Shot Misses the Net.
0:34 of 2nd period - Slapshot by Anton Stralman.
0:34 of 2nd period - Stopped by Maxime Daigneault without a rebound.
0:35 of 2nd period - Frans Nielsen wins face-off versus Mikko Koivu in Jets zone.
1:32 of 2nd period - Slapshot by Darroll Powe.
1:32 of 2nd period - Stopped by Ryan Miller without a rebound.
1:33 of 2nd period - Benoit Pouliot wins face-off versus Tim Connolly in Coyotes zone.
1:42 of 2nd period - Wrist shot by Benoit Pouliot.
1:42 of 2nd period - Shot Blocked by Marian Gaborik.
1:48 of 2nd period - Snap shot by Benoit Pouliot.
1:48 of 2nd period - Shot Misses the Net.
2:19 of 2nd period - Slapshot by Drew Miller.
2:19 of 2nd period - Shot Misses the Net.
2:27 of 2nd period - Snap shot by Frans Nielsen.
2:27 of 2nd period - Shot Blocked by Zbynek Michalek.
3:09 of 2nd period - Snap shot by Marian Gaborik.
3:09 of 2nd period - Shot Blocked by Vaclav Varada.
3:11 of 2nd period - Wrist shot by Tim Connolly.
3:11 of 2nd period - Stopped by Maxime Daigneault without a rebound.
3:12 of 2nd period - Greg Campbell wins face-off versus Erik Cole in Jets zone.
3:12 of 2nd period - Greg Campbell is hit by Chad Larose.
3:22 of 2nd period - Greg Campbell is hit by Erik Cole and loses puck.
3:37 of 2nd period - Dustin Brown is hit by Anton Stralman and loses puck.
3:46 of 2nd period - Wrist shot by Marian Gaborik.
3:46 of 2nd period - Shot Misses the Net.
3:48 of 2nd period - Wrist shot by Tyler Ennis.
3:48 of 2nd period - Shot Misses the Net.
4:04 of 2nd period - Slapshot by Sami Kapanen.
4:04 of 2nd period - Deflect By Erik Christensen.
4:04 of 2nd period - Shot Hit the Post.
4:04 of 2nd period - Puck is out of play.
4:05 of 2nd period - Erik Christensen wins face-off versus Darroll Powe in Jets zone.
4:06 of 2nd period - Slapshot by Adrian Aucoin.
4:06 of 2nd period - Shot Misses the Net.
4:08 of 2nd period - Slapshot by Adrian Aucoin.
4:08 of 2nd period - Deflect By Sami Kapanen.
4:08 of 2nd period - Shot Blocked by Adam Pardy.
4:08 of 2nd period - Puck is out of play.
4:09 of 2nd period - Mikko Koivu wins face-off versus Drew Miller in Jets zone.
4:09 of 2nd period - Mikko Koivu is hit by Denis Grebeshkov.
4:15 of 2nd period - Slapshot by Adam Pardy.
4:15 of 2nd period - Shot Hit the Post.
4:17 of 2nd period - Slapshot by Adam Pardy.
4:17 of 2nd period - Shot Misses the Net.
4:19 of 2nd period - Wrist shot by Adam Pardy.
4:19 of 2nd period - Shot Misses the Net.
4:21 of 2nd period - Wrist shot by Dmitri Kalinin.
4:21 of 2nd period - Deflect By Mikko Koivu.
4:21 of 2nd period - Shot Misses the Net.
4:21 of 2nd period - Puck is out of play.
4:22 of 2nd period - Tim Connolly wins face-off versus Mikko Koivu in Coyotes zone.
4:53 of 2nd period - Slapshot by Fredrik Sjostrom.
4:53 of 2nd period - Goal by Fredrik Sjostrom - Coyotes : 2 - Jets : 1.
4:54 of 2nd period - Mikko Koivu wins face-off versus Frans Nielsen in neutral zone.
5:59 of 2nd period - Off-side.
6:00 of 2nd period - Saku Koivu wins face-off versus Mikko Koivu in neutral zone.
6:13 of 2nd period - Snap shot by Benoit Pouliot.
6:13 of 2nd period - Stopped by Ryan Miller with a rebound.
6:46 of 2nd period - Andy Sutton is hit by Adam Pardy.
7:15 of 2nd period - Slapshot by Ryan Callahan.
7:15 of 2nd period - Stopped by Ryan Miller with a rebound.
7:17 of 2nd period - Snap shot by Ryan Callahan.
7:17 of 2nd period - Shot Misses the Net.
7:19 of 2nd period - Slapshot by Ryan Callahan.
7:19 of 2nd period - Stopped by Ryan Miller without a rebound.
7:20 of 2nd period - Tim Connolly wins face-off versus Mikko Koivu in Coyotes zone.
7:22 of 2nd period - Minor Penalty to Andy Sutton for Hooking.
7:23 of 2nd period - Mikko Koivu wins face-off versus Drew Miller in Coyotes zone.
7:50 of 2nd period - Frans Nielsen is hit by Eric Fehr.
7:54 of 2nd period - Erik Cole is hit by Eric Fehr and loses puck.
8:05 of 2nd period - Chad Larose is hit by Jussi Jokinen and loses puck.
8:16 of 2nd period - Adrian Aucoin is hit by Adam Pardy and loses puck.
8:34 of 2nd period - Adrian Aucoin is hit by Dustin Brown and loses puck.
8:57 of 2nd period - Denis Grebeshkov is hit by Dustin Brown and loses puck.
9:22 of 2nd period - Penalty to Andy Sutton is over, Andy Sutton is back on ice.
9:23 of 2nd period - Erik Cole is hit by Eric Fehr and loses puck.
10:01 of 2nd period - Kurt Sauer is hit by Kristian Huselius and loses puck.
10:17 of 2nd period - Off-side.
10:18 of 2nd period - Chad Larose wins face-off versus Darroll Powe in neutral zone.
10:42 of 2nd period - Tyler Ennis is hit by Mikko Koivu and loses puck.
11:17 of 2nd period - Chris Stewart is hit by Greg Campbell and loses puck.
12:11 of 2nd period - Denis Grebeshkov is hit by Dustin Brown and loses puck.
12:22 of 2nd period - Wrist shot by Tyler Ennis.
12:22 of 2nd period - Deflect By Marian Gaborik.
12:22 of 2nd period - Stopped by Maxime Daigneault with a rebound.
12:24 of 2nd period - Wrist shot by Anton Stralman.
12:24 of 2nd period - Shot Misses the Net.
12:26 of 2nd period - Slapshot by Denis Grebeshkov.
12:26 of 2nd period - Shot Blocked by Zbynek Michalek.
12:28 of 2nd period - Slapshot by Denis Grebeshkov.
12:28 of 2nd period - Shot Misses the Net.
12:56 of 2nd period - Snap shot by Tim Connolly.
12:56 of 2nd period - Shot Blocked by Zbynek Michalek.
12:58 of 2nd period - Slapshot by Anton Stralman.
12:58 of 2nd period - Deflect By Marian Gaborik.
12:58 of 2nd period - Shot Misses the Net.
12:58 of 2nd period - Puck is out of play.
12:59 of 2nd period - Chad Larose wins face-off versus Greg Campbell in Jets zone.
13:00 of 2nd period - Wrist shot by Erik Cole.
13:00 of 2nd period - Stopped by Maxime Daigneault without a rebound.
13:01 of 2nd period - Chad Larose wins face-off versus Greg Campbell in Jets zone.
13:22 of 2nd period - Minor Penalty to Marek Zidlicky for Hooking.
13:23 of 2nd period - Saku Koivu wins face-off versus Darroll Powe in Jets zone.
13:24 of 2nd period - Snap shot by Frans Nielsen.
13:24 of 2nd period - Stopped by Maxime Daigneault without a rebound.
13:25 of 2nd period - Saku Koivu wins face-off versus Darroll Powe in Jets zone.
13:52 of 2nd period - Slapshot by Sergei Gonchar.
13:52 of 2nd period - Stopped by Maxime Daigneault with a rebound.
14:02 of 2nd period - Adam Pardy is hit by Adrian Aucoin and loses puck.
14:24 of 2nd period - Minor Penalty to Frans Nielsen for Hooking.
14:25 of 2nd period - Tim Connolly wins face-off versus Mikko Koivu in Coyotes zone.
14:31 of 2nd period - Mikko Koivu is hit by Tim Connolly and loses puck.
15:11 of 2nd period - Denis Grebeshkov is hit by Dustin Brown and loses puck.
15:16 of 2nd period - Snap shot by Jussi Jokinen.
15:16 of 2nd period - Stopped by Ryan Miller with a rebound.
15:22 of 2nd period - Penalty to Marek Zidlicky is over, Marek Zidlicky is back on ice.
16:20 of 2nd period - Erik Christensen is hit by Dustin Brown and loses puck.
16:24 of 2nd period - Penalty to Frans Nielsen is over, Frans Nielsen is back on ice.
16:32 of 2nd period - Off-side.
16:33 of 2nd period - Darroll Powe wins face-off versus Tim Connolly in neutral zone.
17:39 of 2nd period - Denis Grebeshkov is hit by Eric Fehr.
17:45 of 2nd period - Slapshot by Sergei Gonchar.
17:45 of 2nd period - Shot Blocked by Marek Zidlicky.
17:51 of 2nd period - Andy Sutton is hit by Eric Fehr and loses puck.
18:40 of 2nd period - Wrist shot by Drew Miller.
18:40 of 2nd period - Stopped by Maxime Daigneault without a rebound.
18:41 of 2nd period - Greg Campbell wins face-off versus Saku Koivu in Jets zone.
19:00 of 2nd period - Minor Penalty to Jussi Jokinen for Hooking.
19:01 of 2nd period - Darroll Powe wins face-off versus Tim Connolly in Jets zone.
19:27 of 2nd period - Dustin Brown is hit by Sergei Gonchar.
19:43 of 2nd period - Snap shot by Sergei Gonchar.
19:43 of 2nd period - Goal by Sergei Gonchar - Coyotes : 3 - Jets : 1.
19:44 of 2nd period - Mikko Koivu wins face-off versus Tim Connolly in neutral zone.
19:48 of 2nd period - Off-side.
19:49 of 2nd period - Mikko Koivu wins face-off versus Tim Connolly in neutral zone.
19:55 of 2nd period - Minor Penalty to Tyler Ennis for Tripping.
19:56 of 2nd period - Drew Miller wins face-off versus Mikko Koivu in Coyotes zone.
19:56 of 2nd period - Drew Miller is hit by Benoit Pouliot.
Goals for this period are 1 for Coyotes vs 1 for Jets.
Shots for this period are 9 for Coyotes vs 6 for Jets.
3rd period
0:01 of 3rd period - Drew Miller wins face-off versus Mikko Koivu in neutral zone.
1:55 of 3rd period - Penalty to Tyler Ennis is over, Tyler Ennis is back on ice.
2:06 of 3rd period - Slapshot by Zbynek Michalek.
2:06 of 3rd period - Shot Misses the Net.
2:08 of 3rd period - Slapshot by Zbynek Michalek.
2:08 of 3rd period - Shot Misses the Net.
2:10 of 3rd period - Snap shot by Darroll Powe.
2:10 of 3rd period - Stopped by Ryan Miller with a rebound.
2:12 of 3rd period - Snap shot by Ryan Callahan.
2:12 of 3rd period - Shot Misses the Net.
2:30 of 3rd period - Snap shot by Erik Christensen.
2:30 of 3rd period - Shot Hit the Post.
2:51 of 3rd period - Darroll Powe is hit by Sergei Gonchar and loses puck.
2:59 of 3rd period - Icing by Fredrik Sjostrom.
3:00 of 3rd period - Darroll Powe wins face-off versus Drew Miller in Jets zone.
3:15 of 3rd period - Wrist shot by Drew Miller.
3:15 of 3rd period - Shot Misses the Net.
3:17 of 3rd period - Snap shot by Frans Nielsen.
3:17 of 3rd period - Shot Misses the Net.
3:43 of 3rd period - Minor Penalty to Saku Koivu for Roughing.
3:44 of 3rd period - Benoit Pouliot wins face-off versus Drew Miller in Coyotes zone.
3:52 of 3rd period - Wrist shot by Benoit Pouliot.
3:52 of 3rd period - Goal by Benoit Pouliot - Coyotes : 3 - Jets : 2.
3:53 of 3rd period - Mikko Koivu wins face-off versus Marian Gaborik in neutral zone.
4:30 of 3rd period - Minor Penalty to Dmitri Kalinin for Holding.
4:31 of 3rd period - Tim Connolly wins face-off versus Darroll Powe in Jets zone.
4:39 of 3rd period - Snap shot by Tim Connolly.
4:39 of 3rd period - Goal by Tim Connolly - Coyotes : 4 - Jets : 2.
4:39 of 3rd period - Ilya Bryzgalov enters game.
4:40 of 3rd period - Tim Connolly wins face-off versus Mikko Koivu in neutral zone.
4:42 of 3rd period - Off-side.
4:43 of 3rd period - Mikko Koivu wins face-off versus Tim Connolly in neutral zone.
5:10 of 3rd period - Snap shot by Fredrik Sjostrom.
5:10 of 3rd period - Deflect By Darroll Powe.
5:10 of 3rd period - Shot Misses the Net.
5:10 of 3rd period - Puck is out of play.
5:11 of 3rd period - Frans Nielsen wins face-off versus Darroll Powe in Coyotes zone.
5:16 of 3rd period - Slapshot by Fredrik Sjostrom.
5:16 of 3rd period - Shot Misses the Net.
5:18 of 3rd period - Slapshot by Dmitri Kalinin.
5:18 of 3rd period - Deflect By Darroll Powe.
5:18 of 3rd period - Stopped by Ryan Miller with a rebound.
5:20 of 3rd period - Snap shot by Darroll Powe.
5:20 of 3rd period - Shot Misses the Net.
5:22 of 3rd period - Wrist shot by Fredrik Sjostrom.
5:22 of 3rd period - Stopped by Ryan Miller without a rebound.
5:23 of 3rd period - Saku Koivu wins face-off versus Mikko Koivu in Coyotes zone.
5:23 of 3rd period - Saku Koivu is hit by Benoit Pouliot.
5:29 of 3rd period - Mikko Koivu is hit by Denis Grebeshkov and loses puck.
5:34 of 3rd period - Snap shot by Saku Koivu.
5:34 of 3rd period - Shot Misses the Net.
5:48 of 3rd period - Adrian Aucoin is hit by Greg Campbell.
6:54 of 3rd period - Icing by Chad Larose.
6:55 of 3rd period - Saku Koivu wins face-off versus Darroll Powe in Coyotes zone.
7:09 of 3rd period - Wrist shot by Saku Koivu.
7:09 of 3rd period - Stopped by Ilya Bryzgalov without a rebound.
7:10 of 3rd period - Mikko Koivu wins face-off versus Frans Nielsen in Jets zone.
8:04 of 3rd period - Snap shot by Marian Gaborik.
8:04 of 3rd period - Shot Blocked by Darroll Powe.
8:06 of 3rd period - Snap shot by Tim Connolly.
8:06 of 3rd period - Shot Blocked by Marek Zidlicky.
8:08 of 3rd period - Wrist shot by Marian Gaborik.
8:08 of 3rd period - Stopped by Ilya Bryzgalov without a rebound.
8:09 of 3rd period - Frans Nielsen wins face-off versus Mikko Koivu in Jets zone.
8:55 of 3rd period - Off-side.
8:56 of 3rd period - Saku Koivu wins face-off versus Darroll Powe in neutral zone.
8:59 of 3rd period - Slapshot by Adrian Aucoin.
8:59 of 3rd period - Stopped by Ilya Bryzgalov with a rebound.
9:05 of 3rd period - Erik Cole is hit by Fredrik Sjostrom and loses puck.
9:14 of 3rd period - Snap shot by Fredrik Sjostrom.
9:14 of 3rd period - Stopped by Ryan Miller with a rebound.
9:22 of 3rd period - Snap shot by Darroll Powe.
9:22 of 3rd period - Shot Misses the Net.
9:24 of 3rd period - Slapshot by Fredrik Sjostrom.
9:24 of 3rd period - Stopped by Ryan Miller without a rebound.
9:25 of 3rd period - Mikko Koivu wins face-off versus Frans Nielsen in Coyotes zone.
9:28 of 3rd period - Slapshot by Mikko Koivu.
9:28 of 3rd period - Goal by Mikko Koivu - Coyotes : 4 - Jets : 3.
9:29 of 3rd period - Mikko Koivu wins face-off versus Frans Nielsen in neutral zone.
9:34 of 3rd period - Wrist shot by Benoit Pouliot.
9:34 of 3rd period - Goal by Benoit Pouliot - Coyotes : 4 - Jets : 4.
9:35 of 3rd period - Mikko Koivu wins face-off versus Tim Connolly in neutral zone.
10:11 of 3rd period - Snap shot by Chad Larose.
10:11 of 3rd period - Shot Misses the Net.
10:13 of 3rd period - Slapshot by Denis Grebeshkov.
10:13 of 3rd period - Deflect By Saku Koivu.
10:13 of 3rd period - Stopped by Ilya Bryzgalov without a rebound.
10:14 of 3rd period - Greg Campbell wins face-off versus Frans Nielsen in Jets zone.
10:14 of 3rd period - Greg Campbell is hit by Chris Stewart.
11:06 of 3rd period - Wrist shot by Chad Larose.
11:06 of 3rd period - Deflect By Erik Cole.
11:06 of 3rd period - Goal by Erik Cole - Coyotes : 5 - Jets : 4.
11:07 of 3rd period - Mikko Koivu wins face-off versus Frans Nielsen in neutral zone.
11:32 of 3rd period - Anton Stralman is hit by Marek Zidlicky and loses puck.
11:41 of 3rd period - Snap shot by Darroll Powe.
11:41 of 3rd period - Stopped by Ryan Miller without a rebound.
11:42 of 3rd period - Tim Connolly wins face-off versus Mikko Koivu in Coyotes zone.
12:34 of 3rd period - Snap shot by Darroll Powe.
12:34 of 3rd period - Stopped by Ryan Miller without a rebound.
12:35 of 3rd period - Darroll Powe wins face-off versus Tim Connolly in Coyotes zone.
13:05 of 3rd period - Slapshot by Marian Gaborik.
13:05 of 3rd period - Stopped by Ilya Bryzgalov with a rebound.
13:07 of 3rd period - Slapshot by Anton Stralman.
13:07 of 3rd period - Deflect By Tyler Ennis.
13:07 of 3rd period - Stopped by Ilya Bryzgalov with a rebound.
13:09 of 3rd period - Slapshot by Marian Gaborik.
13:09 of 3rd period - Stopped by Ilya Bryzgalov with a rebound.
13:11 of 3rd period - Snap shot by Tim Connolly.
13:11 of 3rd period - Stopped by Ilya Bryzgalov without a rebound.
13:12 of 3rd period - Mikko Koivu wins face-off versus Drew Miller in Jets zone.
13:17 of 3rd period - Snap shot by Dustin Brown.
13:17 of 3rd period - Shot Misses the Net.
13:19 of 3rd period - Wrist shot by Mikko Koivu.
13:19 of 3rd period - Stopped by Ryan Miller without a rebound.
13:20 of 3rd period - Benoit Pouliot wins face-off versus Frans Nielsen in Coyotes zone.
13:40 of 3rd period - Off-side.
13:41 of 3rd period - Greg Campbell wins face-off versus Saku Koivu in neutral zone.
13:44 of 3rd period - Snap shot by Eric Fehr.
13:44 of 3rd period - Stopped by Ryan Miller without a rebound.
13:45 of 3rd period - Saku Koivu wins face-off versus Greg Campbell in Coyotes zone.
14:07 of 3rd period - Icing by Tom Preissing.
14:08 of 3rd period - Greg Campbell wins face-off versus Tim Connolly in Jets zone.
14:15 of 3rd period - Anton Stralman is hit by Dustin Brown.
14:34 of 3rd period - Off-side.
14:35 of 3rd period - Greg Campbell wins face-off versus Frans Nielsen in neutral zone.
14:37 of 3rd period - Dmitri Kalinin is hit by Drew Miller and loses puck.
15:11 of 3rd period - Minor Penalty to Saku Koivu for Interference.
15:12 of 3rd period - Drew Miller wins face-off versus Mikko Koivu in Coyotes zone.
16:05 of 3rd period - Dmitri Kalinin is hit by Erik Cole and loses puck.
16:42 of 3rd period - Wrist shot by Greg Campbell.
16:42 of 3rd period - Stopped by Ryan Miller without a rebound.
16:43 of 3rd period - Jussi Jokinen wins face-off versus Frans Nielsen in Coyotes zone.
17:11 of 3rd period - Penalty to Saku Koivu is over, Saku Koivu is back on ice.
17:22 of 3rd period - Slapshot by Erik Christensen.
17:22 of 3rd period - Deflect By Sami Kapanen.
17:22 of 3rd period - Shot Misses the Net.
17:22 of 3rd period - Puck is out of play.
17:23 of 3rd period - Erik Christensen wins face-off versus Darroll Powe in Jets zone.
17:35 of 3rd period - Minor Penalty to Sami Kapanen for Tripping.
17:36 of 3rd period - Chad Larose wins face-off versus Mikko Koivu in Coyotes zone.
17:49 of 3rd period - Slapshot by Dmitri Kalinin.
17:49 of 3rd period - Shot Blocked by Andy Sutton.
18:01 of 3rd period - Wrist shot by Greg Campbell.
18:01 of 3rd period - Stopped by Ryan Miller with a rebound.
19:35 of 3rd period - Penalty to Sami Kapanen is over, Sami Kapanen is back on ice.
19:37 of 3rd period - Jets, Ilya Bryzgalov is pulled from the net.
Goals for this period are 2 for Coyotes vs 3 for Jets.
Shots for this period are 10 for Coyotes vs 14 for Jets.
Output by the SimonT Hockey Simulator (STHS) for François Prévost -- Original Page W3C XHTML 1.0 Valid